 Dungeon Crawl Stone Soup version 0.21.1-1-g345015f (webtiles) character file.

1321 Melicamp the Basher (level 8, 0/75 HPs)
             Began as a Barachi Monk on Mar 29, 2018.
             Slain by a two-headed ogre
             ... wielding a +0 giant club
              (6 damage)
             ... on level 4 of the Dungeon on Mar 30, 2018.
             The game lasted 01:03:30 (5623 turns).

Melicamp the Basher (Barachi Monk)                  Turns: 5623, Time: 01:03:31

Health: 0/75       AC: 16    Str: 14    XL:     8   Next: 59%
Magic:  8/8        EV:  8    Int: 10    God:
Gold:   140        SH:  0    Dex: 16    Spells: 7/7 levels left

rFire    . . .     SeeInvis .   a - +0 mace
rCold    . . .     Gourm    +   (no shield)
rNeg     + . .     Faith    .   q - +1 chain mail
rPois    .         Spirit   .   (no helmet)
rElec    .         Reflect  .   (no cloak)
rCorr    .         Harm     .   (no gloves)
MR       .....                  (no boots)
Stlth    ..........             r - amulet of the gourmand
HPRegen  0.22/turn              d - +5 ring of protection
MPRegen  0.11/turn              y - ring of positive energy

@: can't hop, slow
A: +LOS, swims, slowness 1, strong legs 1
a: Hop


You were on level 4 of the Dungeon.
You were very full.

You visited 2 branches of the dungeon, and saw 6 of its levels.

You collected 140 gold pieces.

Inventory:

Hand Weapons
 a - a +0 mace (weapon)
 j - a +0 blowgun
 C - a +2 spear of flaming
Missiles
 f - 5 javelins (quivered)
 k - 75 arrows
 l - 13 poisoned needles
 n - 112 stones
 v - 7 needles of frenzy
 A - a needle of confusion
Armour
 q - a +1 chain mail (worn)
 w - a +0 buckler
 x - a +0 plate armour
 B - a +0 shield
Jewellery
 d - a +5 ring of protection (left hand)
 r - an amulet of the gourmand (around neck)
 y - a ring of positive energy (right hand)
Wands
 u - a wand of paralysis (14)
Scrolls
 b - 2 scrolls of immolation
 g - 2 scrolls of remove curse
 h - a scroll of magic mapping
 i - 2 scrolls of fog
Potions
 e - a potion of haste {unknown}
 m - a potion of might {unknown}
 o - a potion of mutation {unknown}
 p - 2 potions of flight
 s - a potion of lignification {unknown}
 t - 3 potions of curing
Comestibles
 c - 15 rations
 z - 2 chunks of flesh


   Skills:
 - Level 11.4 Fighting
 - Level 12.1 Maces & Flails
 - Level 1.1 Throwing
 - Level 6.6 Armour
 - Level 3.3 Dodging
 - Level 1.7 Stealth
 * Level 3.7 Shields


You had 7 spell levels left.
You didn't know any spells.

Dungeon Overview and Level Annotations

Branches:
Dungeon (5/15)             Temple (1/1) D:5

Altars:
Ashenzari
Dithmenos
Elyvilon
Fedhas
Hepliaklqana
Makhleb
Nemelex Xobeh
Okawaru
Ru
Sif Muna
Trog
Uskayaw
Vehumet
Wu Jian
Xom
Yredelemnul
Zin
The Shining One

Shops:
D:5 %!

Annotations:
D:5 Duvessa


Innate Abilities, Weirdness & Mutations

Shadows flee at your approach. (+LOS)
You can swim through water.
You cover ground slowly.
You can hop short distances.


Message History

Aim: a two-headed ogre, wielding two giant clubs (moderately wounded, chance to defeat MR: 28%)
The two-headed ogre easily resists.
The two-headed ogre hits you with a giant club!
* * * LOW HITPOINT WARNING * * *
The two-headed ogre barely misses you.
Evoke which item? (* to show all) (? for menu, Esc to quit)
Aiming: Paralyse
Press: ? - help, Shift-Dir - straight line, f/p - two-headed ogre
Aim: a two-headed ogre, wielding two giant clubs (moderately wounded, chance to defeat MR: 28%)
The two-headed ogre easily resists.
The two-headed ogre hits you but does no damage. x2
Evoke which item? (* to show all) (? for menu, Esc to quit)
Aiming: Paralyse
Press: ? - help, Shift-Dir - straight line, f/p - two-headed ogre
Aim: a two-headed ogre, wielding two giant clubs (lightly wounded, chance to defeat MR: 28%)
The two-headed ogre easily resists.
The two-headed ogre hits you with a giant club!
* * * LOW HITPOINT WARNING * * *
The two-headed ogre hits you with a giant club.
You die...

###### #....# #.##.#
#############..#.#
...............O@#
#######.######.####
#...#.......#....#
#.#.#..####.####.#######
#.#.#..####.#..........##
#.#.......#....####'##..##
#.####..#.#<....##.⌠.##.)##
#.......#.#####..##...##..##
######.##.#
#.....##...##..##


You could see a two-headed ogre.

Vanquished Creatures
  Sigmund (D:2)
  Eustachio (D:4)
  Menkaure (D:5)
  An ogre (D:5)
  Blork the orc (D:4)
  2 scorpions (D:4)
  2 howler monkeys (D:4)
  A crimson imp (D:5)
  An orc priest (D:4)
  A centaur skeleton (D:4)
  4 orc wizards
  A worker ant (D:4)
  A worker ant zombie (D:5)
  5 adders
  A worm (D:3)
  A dart slug (D:1)
  5 leopard geckos
  16 orcs
  5 giant cockroaches
  8 goblins
  9 hobgoblins
  A jackal (D:2)
  2 quokkas
  A ball python (D:1)
  8 bats
  2 frilled lizards
  8 kobolds
  18 rats
108 creatures vanquished.

Notes
Turn   | Place    | Note
-------+----------+-------------------------------------------
     0 | D:1      | Melicamp the Barachi Monk began the quest for the Orb.
     0 | D:1      | Reached XP level 1. HP: 18/18 MP: 1/1
   154 | D:1      | Reached XP level 2. HP: 24/24 MP: 2/2
   186 | D:1      | Reached skill level 4 in Maces & Flails
   656 | D:1      | Reached XP level 3. HP: 24/29 MP: 3/3
  1168 | D:2      | Noticed Sigmund
  1252 | D:2      | Reached skill level 5 in Maces & Flails
  1306 | D:2      | Reached XP level 4. HP: 5/36 MP: 4/4
  1308 | D:2      | Reached skill level 9 in Maces & Flails
  1308 | D:2      | Reached skill level 5 in Armour
  1308 | D:2      | Reached XP level 5. HP: 5/52 MP: 5/5
  1646 | D:2      | Reached skill level 1 in Throwing
  2214 | D:3      | Reached skill level 12 in Maces & Flails
  2214 | D:3      | Reached XP level 6. HP: 62/62 MP: 6/6
  2857 | D:3      | Found an ornate altar of the Wu Jian Council.
  2861 | D:3      | Found a bloodstained altar of Trog.
  2880 | D:3      | Found an iron altar of Okawaru.
  3103 | D:2      | Killed Sigmund
  3103 | D:2      | Reached XP level 7. HP: 59/68 MP: 7/7
  3350 | D:4      | Reached skill level 1 in Shields
  3748 | D:4      | Found a shimmering altar of Xom.
  3802 | D:4      | Noticed Blork the orc
  3816 | D:4      | Killed Blork the orc
  3855 | D:4      | Reached XP level 8. HP: 75/75 MP: 8/8
  3877 | D:4      | Found a sparkling altar of Nemelex Xobeh.
  4273 | D:4      | Found a deep blue altar of Sif Muna.
  4426 | D:4      | Noticed Eustachio
  4569 | D:4      | Killed Eustachio
  4603 | D:4      | Found a glowing silver altar of Zin.
  4655 | D:5      | Entered Level 5 of the Dungeon
  4655 | D:5      | Noticed a two-headed ogre
  4705 | D:5      | Found a staircase to the Ecumenical Temple.
  4716 | Temple   | Entered the Ecumenical Temple
  5155 | D:5      | Found Giub's Food Shop.
  5255 | D:5      | Noticed Duvessa
  5444 | D:5      | Found Simumug's Distillery.
  5447 | D:5      | Noticed Menkaure
  5455 | D:5      | Killed Menkaure
  5623 | D:4      | Slain by a two-headed ogre

Skill      XL: |  1  2  3  4  5  6  7  8 |
---------------+-------------------------+-----
Maces & Flails | 4 5 9 12 | 12.1
Fighting       | 9 11 | 11.4
Armour         | 5 6 |  6.6
Throwing       | 1 |  1.1
Shields        | 1 3 |  3.7
Dodging        | |  3.3
Stealth        | |  1.7

Action                   |  1- 3 |  4- 6 |  7- 9 || total
-------------------------+-------+-------+-------++-------
Melee: Mace              |    96 |   110 |   203 ||   409
       Spear             |       |       |    12 ||    12
 Fire: Blowgun           |       |     2 |     2 ||     4
Throw: Javelin           |     6 |     2 |    22 ||    30
       Stone             |     8 |    60 |     1 ||    69
 Abil: Hop               |       |     1 |     3 ||     4
Evoke: Wand              |       |       |     5 ||     5
  Use: Potion            |       |     5 |     1 ||     6
       Scroll            |       |     9 |     5 ||    14
 Stab: Sleeping          |     2 |       |       ||     2
  Eat: Chunk             |     2 |     7 |    16 ||    25
       Ration            |       |     1 |       ||     1
Armor: Robe              |    13 |     4 |       ||    17
       Scale mail        |       |     1 |       ||     1
       Chain mail        |       |    41 |   101 ||   142
Dodge: Dodged            |    37 |    42 |    49 ||   128
Block: Buckler           |       |       |     2 ||     2
